 Dungeon Sprint DCSS version 0.29.1-15-g9cfb28693d (webtiles) character file.

Game seed: 4558053788552558042

1200000 Ast3rio the Sorcerer (level 14, -51/85 HPs)
             Began as a Djinni Hedge Wizard on Mar 15, 2023.
             Was a Believer of Makhleb.
             Annihilated by a meat berserker
             ... wielding a +9 battleaxe
              (68 damage)
             ... in the Dungeon (Sprint VIII: "Arena of Blood").
             The game lasted 00:00:52 (12 turns).

Ast3rio the Sorcerer (Djinni Hedge Wizard)            Turns: 12, Time: 00:00:53

Health: -51/85     AC:  2    Str: 13    XL:     14   Next: 83%
Gold:   0          EV: 20    Int: 16    God:    Makhleb [**....] SH:  0 Dex: 14

rFire   + + .      SeeInvis .   i - +∞ Axe of Woe
rCold   x . .      Faith    .   (shield currently unavailable)
rNeg    . . .      Spirit   .   b - +0 robe
rPois   ∞          Reflect  .   c - +0 hat
rElec   .          Harm     .   (no cloak)
rCorr   .          Rampage  .   (no gloves)
Will    +....      NoTele   +   (boots unavailable)
Stlth   +++++.....              (no amulet)
HPRegen 0.24/turn               (no ring)
MPRegen 0.00/turn               (no ring)

@: flying
A: sickness immunity, fire resistance 2, cold vulnerability 1, float, innate
caster, HP casting, extra vitality 1
a: Renounce Religion, Minor Destruction


You were in the Dungeon.
You worshipped Makhleb.
Makhleb was pleased with you.
You visited 1 branch

Inventory:

Hand Weapons
 a - a +0 dagger
 i - the +∞ Axe of Woe (weapon)
   (You found it in the Dungeon)
Armour
 b - a +0 robe (worn)
 c - a +0 hat (worn)
Scrolls
 h - a scroll of blinking
Potions
 d - a potion of curing
 e - a potion of heal wounds
 f - a potion of haste
 g - a potion of berserk rage


   Skills:
 + Level 2.0 Fighting
 + Level 5.9 Axes
 + Level 16.2 Dodging
 + Level 12.1 Stealth
 + Level 25.5 Spellcasting


You had 33 spell levels left.
You knew the following spells:

 Your Spells              Type           Power      Damage    Failure   Level
a - Magic Dart            Conj           100%       1d8       0%          1
b - Blink                 Tloc           100%       N/A       0%          2
c - Call Imp              Summ           80%        N/A       0%          2
d - Slow                  Hex            100%       N/A       0%          1
e - Conjure Flame         Conj/Fire      80%        6-21      0%          3
f - Mephitic Cloud        Conj/Pois/Air  80%        N/A       0%          3
g - Sting                 Tmut/Pois      100%       1d8       0%          1
h - Scorch                Fire           100%       2d10      0%          2
i - Tukima's Dance        Hex            80%        N/A       0%          3
j - Leda's Liquefaction   Hex/Erth       40%        N/A       0%          4
k - Fulminant Prism       Conj/Hex       40%        3d20      0%          4
l - Agony                 Necr           80%        N/A       0%          5
Your spell library was empty.

Dungeon Overview and Level Annotations

Branches:
Dungeon (1/1)

Altars:
Makhleb


Innate Abilities, Weirdness & Mutations

You are immune to sickness and miasma.
You are immune to poison.
Your flesh is very heat resistant. (rF++)
You are vulnerable to cold. (rC-)
You float through the air rather than walking.
You learn spells naturally, not from books.
Your magical power is your life essence.
You have superior vitality. (+4 MHP)


Message History

You hew the meat berserker savagely.
You kill the meat berserker!
Makhleb accepts your kill.
You can now harness Makhleb's destructive might.
You feel better.
The bag of meat appears out of thin air!
A bag of meat comes into view. It is wielding a +9 war axe.
The meat berserker appears out of thin air!
A meat berserker comes into view. It is wielding a +9 battleaxe.
You hear a shout! x14
A bag of meat comes into view. It is wielding a +9 war axe. x2
You hear a shout! x2
A bag of meat comes into view. It is wielding a +9 war axe.
You hear a shout!
A meat berserker comes into view. It is wielding a +9 battleaxe.
You hear a shout! x2
A bag of meat comes into view. It is wielding a +9 war axe.
You hear a shout! x2
A bag of meat comes into view. It is wielding a +9 war axe.
You hear a shout!
The meat berserker rages.
Your Fighting skill increases to level 2!
Your Dodging skill increases to level 16!
Your Stealth skill increases to level 12!
Your Spellcasting skill gained 2 levels and is now at level 25!
The bag of meat shouts! x2
You slash the bag of meat!
You dissect the bag of meat like a pig carcass.
You kill the bag of meat!
Makhleb accepts your kill.
You hear a shout! x5
The meat berserker rages.
You hear a shout! x6
The meat berserker hits you with a +9 battleaxe!!!
Ouch! That really hurt!
* * * LOW HITPOINT WARNING * * *
You hear a shout!
The meat berserker hits you with a +9 battleaxe!!!
Ouch! That really hurt!
You die...

#.. ..# #... ..#
. .###... ..###.
........###......
#.. ....._.....
...o #.....#
..... #o.<._# .
......#)O...#....
#.o..OO@O_o......
..o....o###......
...###... ..###.
. #..oo ..#
#..o.. .#
..O......
.....o.....
........Oo


You could see 6 meat berserkers and 11 bags of meat.

Vanquished Creatures
  2 ogres (D)
  4 orcs (D)
6 creatures vanquished.

Notes
Turn   | Place    | Note
-------+----------+-------------------------------------------
     0 | D        | Found the +∞ Axe of Woe
     0 | D        | Ast3rio the Djinni Hedge Wizard began the quest for the
                  | Orb.
     0 | D        | Ast3rio set off with the following spells memorised: Magic
                  | Dart, Blink, Call Imp, Slow, Conjure Flame, Mephitic Cloud.
     0 | D        | Reached XP level 1. HP: 15/15 MP: 0/0
     2 | D        | Noticed a bag of meat
     3 | D        | Noticed a bag of meat
     4 | D        | Became a worshipper of Makhleb the Destroyer
     6 | D        | Killed a bag of meat
     7 | D        | Reached skill level 10 in Dodging
     7 | D        | Reached skill level 17 in Spellcasting
     7 | D        | Reached XP level 2. HP: 21/21 MP: 0/0
     7 | D        | Reached XP level 3. HP: 25/25 MP: 0/0
     7 | D        | Learned a level 1 spell: Sting
     7 | D        | Reached XP level 4. HP: 31/31 MP: 0/0
     7 | D        | Reached XP level 5. HP: 35/35 MP: 0/0
     7 | D        | Learned a level 2 spell: Scorch
     7 | D        | Reached XP level 6. HP: 40/40 MP: 0/0
     7 | D        | Reached XP level 7. HP: 45/45 MP: 0/0
     7 | D        | Learned a level 3 spell: Tukima's Dance
     7 | D        | Reached XP level 8. HP: 50/50 MP: 0/0
     7 | D        | Reached XP level 9. HP: 55/55 MP: 0/0
     7 | D        | Learned a level 4 spell: Leda's Liquefaction
     7 | D        | Reached XP level 10. HP: 60/60 MP: 0/0
     7 | D        | Reached XP level 11. HP: 65/65 MP: 0/0
     7 | D        | Learned a level 4 spell: Fulminant Prism
     7 | D        | Noticed a bag of meat
     7 | D        | Noticed a meat berserker
     7 | D        | Noticed a bag of meat
     8 | D        | Killed a bag of meat
     8 | D        | Reached * piety under Makhleb
     8 | D        | Noticed a bag of meat
     8 | D        | Noticed a bag of meat
     8 | D        | Noticed a bag of meat
     8 | D        | Noticed a meat berserker
     9 | D        | Reached skill level 19 in Spellcasting
     9 | D        | Reached XP level 12. HP: 41/70 MP: 0/0
     9 | D        | Killed a bag of meat
     9 | D        | Noticed a bag of meat
     9 | D        | Noticed a bag of meat
     9 | D        | Noticed a bag of meat
     9 | D        | Noticed a meat berserker
    10 | D        | Reached skill level 10 in Stealth
    10 | D        | Reached skill level 21 in Spellcasting
    10 | D        | Reached XP level 13. HP: 63/75 MP: 0/0
    10 | D        | Learned a level 5 spell: Agony
    10 | D        | Killed a meat berserker
    10 | D        | Noticed a bag of meat
    10 | D        | Noticed a meat berserker
    10 | D        | Noticed a bag of meat
    11 | D        | Reached skill level 1 in Fighting
    11 | D        | Reached skill level 5 in Axes
    11 | D        | Reached skill level 15 in Dodging
    11 | D        | Reached skill level 23 in Spellcasting
    11 | D        | Reached XP level 14. HP: 70/83 MP: 0/0
    11 | D        | Noticed a meat berserker
    11 | D        | Killed a meat berserker
    11 | D        | Reached ** piety under Makhleb
    11 | D        | Noticed a bag of meat
    11 | D        | Noticed a bag of meat
    11 | D        | Noticed a bag of meat
    11 | D        | Noticed a meat berserker
    11 | D        | Noticed a bag of meat
    11 | D        | Noticed a bag of meat
    12 | D        | Reached skill level 25 in Spellcasting
    12 | D        | Noticed a bag of meat
    12 | D        | Noticed a meat berserker
    12 | D        | Killed a bag of meat
    12 | D        | Annihilated by a meat berserker

Illustrated notes

Levels and vault maps discovered:
D:        meatsprint

Skill      XL: |  1  2  3  4  5  6  7  8  9 10 11 12 13 14 |
---------------+-------------------------------------------+-----
Axes           | 2 3 5 |  5.9
Dodging        | 10 12 13 15 16 | 16.2
Stealth        | 7 9 10 11 12 | 12.1
Spellcasting   | 17 19 21 23 25 | 25.5
Fighting       | 1 2 |  2.0

Action                   |  1- 3 |  4- 6 |  7- 9 | 10-12 | 13-15 || total
-------------------------+-------+-------+-------+-------+-------++-------
Melee: Executioner's axe |     1 |       |       |     2 |     3 ||     6
Dodge: Dodged            |       |       |       |     1 |       ||     1
